 Dungeon Sprint DCSS version 0.26-a0-651-gb41185065b (webtiles) character file.

Game seed: 5341711591028980258

912406 mhtbhm the Minotaur Barricade (level 23, -18/216 HPs)
             Began as a Minotaur Fighter on Sept 28, 2020.
             Was the Champion of Okawaru.
             Killed from afar by a Hell Sentinel (36 damage)
             ... with damnation
             ... in the Dungeon (Sprint IX: "|||||||||||||||||||||||||||||").
             The game lasted 00:41:09 (15717 turns).

mhtbhm the Minotaur Barricade (Minotaur Fighter)   Turns: 15717, Time: 00:41:10

Health: -18/216    AC: 48    Str: 38    XL:     23   Next: 13%
Magic:  0/45       EV: 29    Int:  9    God:    Okawaru [******]
Gold:   247        SH: 34    Dex: 18    Spells: 60/60 levels left

rFire    + . .     SeeInvis .   V - +5 demon blade "Oluij" {freeze, +Rage rElec}
rCold    + . .     Faith    .   c - +4 tower shield {AC+3}
rNeg     + + +     Spirit   +   F - +15 Maxwell's patent armour {-Cast -Tele rElec MR+ rCorr}
rPois    +         Reflect  .   q - +2 hat of the Bear Spirit {Spirit, +Rage rN+ MR++}
rElec    +         Harm     .   Y - +0 cloak {rPois}
rCorr    +         Rampage  .   X - +0 pair of gloves of Kupoqyunau {rPois rC- Regen+ Dex+5}
MR       ++++.     NoTele   +   o - +0 pair of boots Stlth ++........NoCast +
                                T - amulet "Caitz" {RegenMP Str+4}
HPRegen  0.86/turn              U - ring of Hegy {rPois rC++ Int+4 Slay+3}
MPRegen  0.54/turn              N - ring of Dawn {rF+ rN++ Str+6}

@: heroism, berserk cooldown, slowed, very slow
A: retaliatory headbutt, horns 2, talons 1, blurry vision 1, frail 1
0: Orb of Zot
}: 17/17 runes: decaying, serpentine, barnacled, slimy, elven, silver, golden,
iron, obsidian, icy, bone, abyssal, glowing, magical, fiery, dark, gossamer
a: Heroism, Finesse, Renounce Religion, Evoke Berserk Rage


You were in the Dungeon.
You worshipped Okawaru.
Okawaru was exalted by your worship.
You visited 1 branch You collected 1944 gold pieces.
You spent 1697 gold pieces at shops.

Inventory:

Hand Weapons
 a - a +9 double sword of electrocution
 u - the +4 scimitar "Trog's Hatred" {holy, rC+ MR+ Str+2}
   (Okawaru gifted it to you in the Dungeon)

   It has been blessed by the Shining One to cause great damage to the undead
   and demons.
   It affects your strength (+2).
   It protects you from cold.
   It affects your resistance to hostile enchantments.
 x - the +4 staff of Dispater
   (You took it off Dispater in the Dungeon)
 y - the +8 storm bow {elec, penet}
   (You found it in the Dungeon)

   It charges the ammunition it shoots with electricity; occasionally upon a
   hit, such missiles may discharge and cause terrible harm.
   Ammo fired by it will pass through the targets it hits, potentially hitting
   all targets in its path until it reaches maximum range.
 A - the +7 sceptre of Asmodeus
   (You took it off Asmodeus in the Dungeon)
 C - the +6 sword of Cerebov {flame}
   (You took it off Cerebov in the Dungeon)

   It has been specially enchanted to burn those struck by it, causing extra
   injury to most foes and up to half again as much damage against particularly
   susceptible opponents.
   Big, fiery blades are also staple armaments of hydra-hunters.
 V - the +5 demon blade "Oluij" (weapon) {freeze, +Rage rElec}
   (You found it in the Dungeon)

   It has been specially enchanted to freeze those struck by it, causing extra
   injury to most foes and up to half again as much damage against particularly
   susceptible opponents.
   It can also slow down cold-blooded creatures.
   It insulates you from electricity.
   It lets you go berserk.
 W - the +5 triple sword of Vuse {spect, Str+2 Int+3}
   (You found it in the Dungeon)

   It retains the spirit of the tree from which it was made.
   In the hands of one skilled in evocations this spirit is drawn out to fight
   along side the wielder.
   It affects your strength (+2).
   It affects your intelligence (+3).
Missiles
 v - 15 curare-tipped darts
 w - 27 silver javelins (quivered)
 z - 320 arrows
Armour
 c - a +4 tower shield of protection (worn)
 o - a +0 pair of boots (worn)
 q - the +2 hat of the Bear Spirit (worn) {Spirit, +Rage rN+ MR++}
   (You found it in the Dungeon)

   It protects you from negative energy.
   It affects your resistance to hostile enchantments.
   It lets you go berserk.
 F - the +15 Maxwell's patent armour (worn) {-Cast -Tele rElec MR+ rCorr}
   (You found it in the Dungeon)

   It insulates you from electricity.
   It affects your resistance to hostile enchantments.
   It prevents spellcasting.
   It prevents most forms of teleportation.
   It provides partial protection from all sources of acid and corrosion.
 X - the +0 pair of gloves of Kupoqyunau (worn) {rPois rC- Regen+ Dex+5}
   (You found it in the Dungeon)

   It affects your dexterity (+5).
   It makes you vulnerable to cold.
   It protects you from poison.
   It increases your rate of regeneration.
 Y - a +0 cloak of poison resistance (worn)
Jewellery
 N - the ring of Dawn (right hand) {rF+ rN++ Str+6}
   (You found it in the Dungeon)

   [ring of protection from fire]

   It affects your strength (+6).
   It protects you from fire.
   It greatly protects you from negative energy.
 T - the amulet "Caitz" (around neck) {RegenMP Str+4}
   (You found it in the Dungeon)

   [amulet of magic regeneration]

   It increases your magic regeneration.
   It affects your strength (+4).
 U - the ring of Hegy (left hand) {rPois rC++ Int+4 Slay+3}
   (You found it in the Dungeon)

   [ring of slaying]

   It affects your intelligence (+4).
   It affects your accuracy and damage with ranged weapons and melee attacks
   (+3).
   It greatly protects you from cold.
   It protects you from poison.
Wands
 n - a wand of iceblast (10)
Scrolls
 j - 6 scrolls of blinking
 l - 9 scrolls of remove curse
 m - 2 scrolls of amnesia
 p - a scroll of fog
 t - 2 scrolls of identify
 B - 9 scrolls of enchant weapon
 L - 3 scrolls of fear
Potions
 b - 2 potions of brilliance
 d - a potion of might
 e - 2 potions of curing
 g - 6 potions of haste
 h - 9 potions of magic
 i - 5 potions of berserk rage
 k - a potion of invisibility
 s - 2 potions of stabbing
 E - 2 potions of lignification
 J - a potion of resistance
 K - a potion of mutation
 O - 2 potions of flight
Miscellaneous
 r - the horn of Geryon
 Q - a condenser vane (1/2)


   Skills:
 O Level 27 Fighting
 O Level 27 Long Blades
   Level 14.1(24.4) Polearms
 + Level 21.6(27) Staves
 + Level 26.9(27) Bows
 O Level 27 Throwing
 O Level 27 Armour
 O Level 27 Dodging
 + Level 23.8(27) Stealth
 O Level 27 Shields
 + Level 26.9(27) Unarmed Combat
 + Level 19.1 Spellcasting
 O Level 27 Invocations
 O Level 27 Evocations


You had 60 spell levels left.
You didn't know any spells.
Your spell library contained the following spells:

 Spells                   Type           Power        Failure   Level
 Confusing Touch          Hex            #.......     36%         3
 Gell's Gravitas          Tloc           #.........   36%         3
 Leda's Liquefaction      Hex/Erth       #.........   77%         4
 Petrify                  Tmut/Erth      #.......     77%         4
 Bolt of Magma            Conj/Fire/Erth #.........   98%         5
 Metabolic Englaciation   Hex/Ice        #.........   98%         5
 Yara's Violent Unravell  Hex/Tmut       #.........   98%         5
 Iron Shot                Conj/Erth      #.........   100%        6
 Statue Form              Tmut/Erth      #........    100%        6
 Shatter                  Erth           #.........   100%        9


Dungeon Overview and Level Annotations

Branches:
Dungeon (1/1)

Altars:
Cheibriados
Dithmenos
Elyvilon
Fedhas
Gozag
Hepliaklqana
Kikubaaqudgha
Makhleb
Nemelex Xobeh
Okawaru
Qazlal
Ru
Sif Muna
Trog
Uskayaw
Vehumet
Wu Jian
Xom
Yredelemnul
Zin
The Shining One
Beogh
Jiyva
Lugonu

Shops:
D [==[


Innate Abilities, Weirdness & Mutations

You reflexively headbutt those who attack you in melee.
You have a pair of horns on your head.
You have sharp toenails.
Scrolls take you a little longer to read.
You are frail. (-10% HP)


Message History

Okay, then.
Okay, then.
You gain the combat prowess of a mighty hero.
The Hell Sentinel gestures at you.
The sphere of damnation explodes!
The damnation engulfs you!!
* * * LOW HITPOINT WARNING * * *
The damnation engulfs the Hell Sentinel.
The Hell Sentinel completely resists.
Unknown command.
Press < or > to pray at altars.
Okay, then.
You hit the Hell Sentinel but do no damage.
You headbutt the Hell Sentinel.
The Hell Sentinel is lightly wounded.
The Hell Sentinel barely misses you. You block the Hell Sentinel's attack.
You slice the Hell Sentinel!! You headbutt the Hell Sentinel!!
The Hell Sentinel is heavily wounded.
The Hell Sentinel gestures at you.
The sphere of damnation explodes!
The damnation engulfs you!!!
You die...

▓.▓.▓.▓.▓)▓.▓'▓.▓.
▓'▓.▓'▓.▓)▓.▓.▓.▓.
▓_▓.▓.▓.▓)▓.▓.▓.▓.
▓○▓.▓.▓.▓.▓.▓.▓.▓.
▓§▓.▓.▓.▓.▓.▓.▓.▓)
▓_▓.▓.▓)▓.▓.▓.▓.▓(
▓§▓.▓.▓.▓.▓.▓.▓.▓.
▓§▓.▓.▓.▓.▓.▓.▓.▓(
▓@▓.▓.▓.▓.▓.▓.▓.♣.
▓1▓.▓.▓.▓)▓.▓.▓.♣.
▓§▓.▓.▓.▓)▓.▓.▓.♣.
▓§▓.▓'▓.▓)▓.▓.▓.♣.
▓_▓.▓.▓.▓[▓.▓[▓.♣.
▓_▓.▓.▓.▓)▓.▓[▓.♣.
▓_▓.▓.▓.▓)▓.▓[▓.♣.
▓_▓.▓.▓.▓)▓.▓[▓.♣.
▓_▓.▓.▓.▓.▓.▓[▓.♣.


You could see a Hell Sentinel.

Vanquished Creatures
  Cerebov (D)
  Antaeus (D)
  Asmodeus (D)
  the Royal Jelly (D)
  Ereshkigal (D)
  Gloorx Vloq (D)
  A seraph (D)
  Mnoleg (D)
  Lom Lobon (D)
  Dispater (D)
  3 orbs of fire (D)
  Mara (D)
  2 ancient liches (D)
  8 greater mummies (D)
  Sojobo (D)
  Boris (D)
  Frederick (D)
  Margery (D)
  6 golden dragons (D)
  Geryon (D)
  4 pandemonium lords (D)
  2 bone dragons (D)
  Jory (D)
  A Tzitzimitl (D)
  6 electric golems (D)
  2 Hell Sentinels (D)
  A hellephant (D)
  3 tentacled monstrosities (D)
  5 deep elf blademasters (D)
  2 Ice Fiends (D)
  32 Orb Guardians (D)
  2 liches (D)
  6 acid blobs (D)
  3 deep elf master archers (D)
  An Executioner (D)
  A tentacled starspawn (D)
  2 death cobs (D)
  Agnes (D)
  14 sphinxes (D)
  Kirke (D)
  5 storm dragons (D)
  Ilsuiw (D)
  8 shadow dragons (D)
  3 draconian monks (D)
  3 tengu reavers (D)
  4 nagarajas (D)
  A daeva (D)
  8 azure jellies (D)
  2 fire giants (D)
  2 deep elf sorcerers (D)
  2 iron dragons (D)
  3 draconian shifters (D)
  3 frost giants (D)
  A cacodemon (D)
  6 emperor scorpions (D)
  A ghost moth (D)
  4 ironheart preservers (D)
  A draconian annihilator (D)
  A reaper (D)
  3 stone giants (D)
  2 entropy weavers (D)
  2 deep elf demonologists (D)
  8 vampire knights (D)
  2 white draconians (D)
  5 green draconians (D)
  3 red draconians (D)
  A lorocyproca (D)
  A spark wasp (D)
  A deep elf annihilator (D)
  A black draconian (D)
  A yellow draconian (D)
  2 ettins (D)
  4 merfolk impalers (D)
  4 mummy priests (D)
  A merfolk javelineer (D)
  A crystal guardian (D)
  7 death oozes (D)
  2 deep elf death magi (D)
  An ogre mage (D)
  25 vault guards (D)
  4 yaktaur captains (D)
  7 fire dragons (D)
  3 hydras (D)
  A hell beast (D)
  5 naga warriors (D)
  2 ice dragons (D)
  3 catoblepae (D)
  2 merfolk avatars (D)
  Erica (D)
  A two-headed ogre (D)
  A deep troll shaman (D)
  5 centaur warriors (D)
  2 deep troll earth magi (D)
  2 death yaks (D)
  2 alligators (D)
  6 merfolk aquamancers (D)
  A vampire mage (D)
  5 orc high priests (D)
  2 spriggan berserkers (D)
  Nergalle (D)
  Sonja (D)
  4 hell knights (D)
  A sea snake (D)
  A shadow wraith (D)
  A sixfirhy (D)
  2 torturous demonspawn (D)
  A cherub (D)
  A harpy (D)
  A naga ritualist (D)
  13 orc knights (D)
  A phantasmal warrior (D)
  8 swamp dragons (D)
  A deep elf archer (D)
  2 necromancers (D)
  5 wolf spiders (D)
  2 deep elf magi (D)
  An orb spider (shapeshifter) (D)
  3 ironbrand convokers (D)
  A mana viper (D)
  An ugly thing (D)
  A cyclops (D)
  15 moths of wrath (D)
  A salamander (shapeshifter) (D)
  A manticore (D)
  A black mamba (shapeshifter) (D)
  3 black mambas (D)
  3 vault sentinels (D)
  A smoke demon (D)
  4 orange demons (D)
  A water nymph (D)
  4 naga magi (D)
  5 yaktaurs (D)
  4 cane toads (D)
  A freezing wraith (D)
  An ice devil (D)
  A hellion (D)
  2 komodo dragons (D)
  A demonic crawler (D)
  2 red devils (D)
  16 guardian mummies (D)
  An ancient zyme (D)
  3 hellwings (D)
  A merfolk (D)
  A troll (shapeshifter) (D)
  3 jumping spiders (D)
  A wandering mushroom (D)
  A raiju (D)
  5 large abominations (D)
  A wind drake (D)
  2 slime creatures (D)
  A blink frog (D)
  A tyrant leech (D)
  A bog body (D)
  A blink frog (shapeshifter) (D)
  2 snapping turtles (D)
  5 yaks (D)
  A shadow (D)
  2 tarantellas (D)
  11 spriggans (D)
  2 ynoxinuls (D)
  A redback (D)
  A wyvern (D)
  2 hogs (D)
  Grum (D)
  A yak (shapeshifter) (D)
  A chaos spawn (D)
  7 golden eyes (D)
  A neqoxec (D)
  A vampire mosquito (D)
  An insubstantial wisp (D)
  4 acid dragons (D)
  5 nagas (D)
  A floating eye (D)
  3 small abominations (D)
  3 water moccasins (D)
  A floating eye (shapeshifter) (D)
  A porcupine (D)
  3 swamp drakes (D)
  9 orc warriors (D)
  A black bear (shapeshifter) (D)
  2 eyes of draining (D)
  A boggart (D)
  5 wolves (D)
  3 crocodiles (D)
  A bullfrog (D)
  A wight (D)
  A hound (D)
  A jelly (D)
  3 orc priests (D)
  3 orc wizards (D)
  2 adders (D)
  An adder skeleton (D)
  A worm (D)
  10 orcs (D)
  2 goblins (D)
  A hobgoblin (D)
  2 jackals (D)
  A bat simulacrum (D)
  A frilled lizard (D)
  A giant cockroach zombie (D)
  A jackal skeleton (D)
  A jackal zombie (D)
  A kobold (D)
  A quokka skeleton (D)
  A starspawn tentacle (D)
578 creatures vanquished.

Vanquished Creatures (others)
  4 humans (D)
  4 ball lightnings (D)
8 creatures vanquished.

Grand Total: 586 creatures vanquished

Notes
Turn   | Place    | Note
-------+----------+-------------------------------------------
     0 | D        | mhtbhm the Minotaur Fighter began the quest for the Orb.
     0 | D        | Reached XP level 1. HP: 19/19 MP: 0/0
    53 | D        | Reached XP level 2. HP: 23/28 MP: 1/1
    55 | D        | Reached skill level 5 in Fighting
    59 | D        | Reached skill level 5 in Armour
    64 | D        | Reached skill level 5 in Shields
    80 | D        | Found a roughly hewn altar of Beogh.
    80 | D        | Found a snail-covered altar of Cheibriados.
    80 | D        | Found a shadowy altar of Dithmenos.
    80 | D        | Found a white marble altar of Elyvilon.
    80 | D        | Found a blossoming altar of Fedhas.
    80 | D        | Found an opulent altar of Gozag.
    81 | D        | Found a hazy altar of Hepliaklqana.
    82 | D        | Found a viscous altar of Jiyva.
    83 | D        | Found an ancient bone altar of Kikubaaqudgha.
    84 | D        | Found a corrupted altar of Lugonu.
    85 | D        | Found a burning altar of Makhleb.
    86 | D        | Found a sparkling altar of Nemelex Xobeh.
    87 | D        | Found an iron altar of Okawaru.
    88 | D        | Found a stormy altar of Qazlal.
    89 | D        | Found a sacrificial altar of Ru.
    90 | D        | Found a shimmering blue altar of Sif Muna.
    91 | D        | Found a bloodstained altar of Trog.
    92 | D        | Found a hide-covered altar of Uskayaw.
    93 | D        | Found a radiant altar of Vehumet.
    94 | D        | Found an ornate altar of the Wu Jian Council.
    95 | D        | Became a worshipper of Warmaster Okawaru
    96 | D        | Found a shimmering altar of Xom.
    97 | D        | Found a basalt altar of Yredelemnul.
    98 | D        | Found a glowing silver altar of Zin.
    99 | D        | Found a glowing golden altar of the Shining One.
   203 | D        | Noticed a bullfrog
   203 | D        | Noticed a wight
   206 | D        | Killed a wight
   206 | D        | Reached XP level 3. HP: 37/37 MP: 2/2
   207 | D        | Reached skill level 5 in Long Blades
   207 | D        | Reached XP level 4. HP: 44/44 MP: 3/3
   211 | D        | Reached * piety under Okawaru
   214 | D        | Killed a bullfrog
   214 | D        | Reached XP level 5. HP: 52/52 MP: 4/4
   222 | D        | Noticed a manticore
   222 | D        | Noticed a centaur warrior
   233 | D        | Killed a centaur warrior
   233 | D        | Reached skill level 10 in Fighting
   233 | D        | Reached XP level 6. HP: 49/67 MP: 5/5
   233 | D        | Reached XP level 7. HP: 53/73 MP: 6/6
   240 | D        | Killed a manticore
   240 | D        | Reached ** piety under Okawaru
   240 | D        | Reached skill level 10 in Armour
   240 | D        | Reached skill level 10 in Shields
   240 | D        | Reached XP level 8. HP: 15/81 MP: 7/7
   547 | D        | Noticed a cane toad
   553 | D        | Noticed a komodo dragon
   555 | D        | Noticed a cane toad
   563 | D        | Reached *** piety under Okawaru
   566 | D        | Killed a cane toad
   566 | D        | Reached XP level 9. HP: 67/90 MP: 8/8
   569 | D        | Killed a komodo dragon
   569 | D        | Received a gift from Okawaru
   569 | D        | Reached skill level 15 in Long Blades
   574 | D        | Killed a cane toad
   827 | D        | Noticed a seven-headed hydra
   827 | D        | Noticed a komodo dragon
   831 | D        | Noticed a black mamba
   835 | D        | Killed a komodo dragon
   835 | D        | Reached **** piety under Okawaru
   840 | D        | Killed an 11-headed hydra
   840 | D        | Reached skill level 1 in Throwing
   840 | D        | Reached skill level 1 in Dodging
   840 | D        | Reached skill level 1 in Stealth
   841 | D        | Reached XP level 10. HP: 34/101 MP: 9/9
   847 | D        | Killed a black mamba
   847 | D        | Reached ***** piety under Okawaru
  1146 | D        | Noticed a catoblepas
  1146 | D        | Noticed a catoblepas
  1146 | D        | Noticed a catoblepas
  1146 | D        | Noticed a death yak
  1178 | D        | Noticed a death yak
  1213 | D        | Killed a death yak
  1216 | D        | Killed a catoblepas
  1220 | D        | Killed a catoblepas
  1234 | D        | Killed a catoblepas
  1246 | D        | Killed a death yak
  1246 | D        | Received a gift from Okawaru
  1246 | D        | Reached XP level 11. HP: 36/111 MP: 10/10
  1257 | D        | Got a slimy long sword {god gift}
  1258 | D        | Identified the +8 long sword of Karma {freeze, Str+2}
                  | (Okawaru gifted it to you in the Dungeon)
  1609 | D        | Noticed Grum
  1619 | D        | Killed Grum
  1619 | D        | Reached skill level 15 in Armour
  1708 | D        | Noticed an orc high priest
  1709 | D        | Noticed a sun demon
  1716 | D        | Killed an orc high priest
  1716 | D        | Reached skill level 15 in Fighting
  1774 | D        | Reached skill level 5 in Throwing
  1777 | D        | Noticed an orc knight
  1780 | D        | Noticed an orc knight
  1782 | D        | Reached ****** piety under Okawaru
  1791 | D        | Killed an orc knight
  1800 | D        | Killed an orc knight
  1800 | D        | Received a gift from Okawaru
  1872 | D        | Found Jieg's Antique Armour Boutique.
  1872 | D        | Noticed an orc knight
  1872 | D        | Noticed an orc knight
  1872 | D        | Noticed an orc high priest
  1872 | D        | Noticed an orc high priest
  1872 | D        | Noticed an orc knight
  1873 | D        | Noticed a sun demon
  1873 | D        | Noticed an orc knight
  1877 | D        | Killed an orc high priest
  1878 | D        | Killed an orc knight
  1878 | D        | Noticed an orc knight
  1882 | D        | Noticed an orc knight
  1883 | D        | Killed an orc high priest
  1890 | D        | Killed an orc knight
  1893 | D        | Killed an orc knight
  1894 | D        | Found Suskost's Jewellery Shop.
  1897 | D        | Killed an orc knight
  1904 | D        | Noticed an orc knight
  1906 | D        | Killed an orc knight
  1914 | D        | Noticed an orc high priest
  1915 | D        | Killed an orc knight
  1918 | D        | Noticed an orc knight
  1923 | D        | HP: 3/114 [orc high priest/divine providence (13)]
  1926 | D        | Killed an orc knight
  1928 | D        | Noticed an orc high priest
  1930 | D        | Killed an orc high priest
  1930 | D        | Reached XP level 12. HP: 30/124 MP: 8/11
  2366 | D        | Killed an orc high priest
  2481 | D        | Found Naxta's Jewellery Boutique.
  2485 | D        | Found Hepumpo's Armour Shop.
  2501 | D        | Received a gift from Okawaru
  2558 | D        | Bought the +9 plate armour of the Unbroken {Rampage} for
                  | 900 gold pieces
  2567 | D        | Bought the ring "Femi Xor" {rF+ Str+4 Int+2} for 579 gold
                  | pieces
  2590 | D        | Bought a bronze chain mail for 218 gold pieces
  2600 | D        | Identified the +2 chain mail of Greed {Rampage} (You bought
                  | it in a shop in the Dungeon)
  2647 | D        | Noticed Erica
  2652 | D        | Killed Erica
  2734 | D        | Found the +2 hat of the Bear Spirit {Spirit, +Rage rN+
                  | MR++}
  2840 | D        | Noticed an eight-headed hydra
  2840 | D        | Noticed a two-headed ogre
  2845 | D        | Received a gift from Okawaru
  2845 | D        | Noticed a centaur warrior
  2847 | D        | Noticed a stone giant
  2850 | D        | Reached skill level 15 in Shields
  2852 | D        | Noticed a stone giant
  2855 | D        | Killed a two-headed ogre
  2860 | D        | Killed a 13-headed hydra
  2863 | D        | Noticed a stone giant
  2864 | D        | Received a gift from Okawaru
  2866 | D        | Noticed a deep troll earth mage
  2869 | D        | Killed a stone giant
  2869 | D        | Reached skill level 1 in Invocations
  2870 | D        | Noticed a centaur warrior
  2870 | D        | Noticed a vampire mage
  2880 | D        | Killed a stone giant
  2880 | D        | Received a gift from Okawaru
  2885 | D        | Killed a stone giant
  2887 | D        | Killed a vampire mage
  2889 | D        | Killed a centaur warrior
  2891 | D        | Killed a centaur warrior
  2894 | D        | Killed a deep troll earth mage
  2896 | D        | Noticed a yaktaur captain
  2921 | D        | Killed a yaktaur captain
  3273 | D        | Noticed Kirke
  3275 | D        | Reached XP level 13. HP: 134/134 MP: 13/13
  3289 | D        | Killed Kirke
  3349 | D        | Noticed an entropy weaver
  3351 | D        | Noticed an entropy weaver
  3363 | D        | Killed an entropy weaver
  3363 | D        | Reached skill level 5 in Dodging
  3372 | D        | Killed an entropy weaver
  3448 | D        | Reached skill level 10 in Throwing
  3470 | D        | Noticed a merfolk impaler
  3499 | D        | Killed a merfolk impaler
  3846 | D        | Noticed a nagaraja
  3849 | D        | Received a gift from Okawaru
  3857 | D        | Killed a nagaraja
  4168 | D        | Noticed Sonja
  4175 | D        | Killed Sonja
  4344 | D        | Noticed an iron dragon
  4344 | D        | Noticed a tengu reaver
  4344 | D        | Noticed a fire dragon
  4344 | D        | Noticed a fire giant
  4349 | D        | Killed a fire giant
  4349 | D        | Received a gift from Okawaru
  4351 | D        | Reached XP level 14. HP: 112/148 MP: 10/14
  4352 | D        | Killed a tengu reaver
  4352 | D        | Received a gift from Okawaru
  4353 | D        | Noticed a sphinx
  4361 | D        | Killed an iron dragon
  4364 | D        | Killed a sphinx
  4365 | D        | Noticed a frost giant
  4370 | D        | Noticed a fire giant
  4387 | D        | Killed a frost giant
  4387 | D        | Received a gift from Okawaru
  4390 | D        | Killed a fire giant
  4390 | D        | Received a gift from Okawaru
  4632 | D        | Reached skill level 1 in Evocations
  4651 | D        | Noticed an ironheart preserver
  4658 | D        | Killed an ironheart preserver
  4664 | D        | Noticed an ironheart preserver
  4675 | D        | Killed an ironheart preserver
  4813 | D        | Noticed Nergalle
  4814 | D        | Noticed Boris
  4839 | D        | Killed Boris
  4840 | D        | Killed Nergalle
  4840 | D        | Received a gift from Okawaru
  4896 | D        | Noticed Mara
  4915 | D        | Killed Mara
  4915 | D        | Reached XP level 15. HP: 138/162 MP: 15/15
  5054 | D        | Noticed Sojobo
  5055 | D        | Noticed a tengu reaver
  5055 | D        | Noticed a tengu reaver
  5080 | D        | Killed Sojobo
  5101 | D        | Killed a tengu reaver
  5110 | D        | Killed a tengu reaver
  5491 | D        | Found the +8 storm bow {elec, penet}
  5509 | D        | Found the +15 Maxwell's patent armour {-Cast -Tele rElec
                  | MR+ rCorr}
  5651 | D        | Noticed a nagaraja
  5651 | D        | Noticed a nagaraja
  5652 | D        | Noticed a nagaraja
  5654 | D        | Killed a nagaraja
  5654 | D        | Reached skill level 5 in Evocations
  5658 | D        | Killed a nagaraja
  5659 | D        | Killed a nagaraja
  5672 | D        | Received a gift from Okawaru
  5683 | D        | Got a serpentine rune of Zot
  5892 | D        | Got a decaying rune of Zot
  6185 | D        | Killed a ghost moth
  6187 | D        | Received a gift from Okawaru
  6231 | D        | Got a gossamer rune of Zot
  6493 | D        | Noticed Ilsuiw
  6495 | D        | Reached XP level 16. HP: 176/176 MP: 16/16
  6512 | D        | Reached skill level 27 in Shields
  6523 | D        | Reached skill level 15 in Throwing
  6549 | D        | Killed Ilsuiw
  6554 | D        | Got a barnacled rune of Zot
  6623 | D        | Noticed Jory
  6632 | D        | Killed Jory
  6635 | D        | Noticed Frederick
  6643 | D        | Killed Frederick
  6704 | D        | Noticed Margery
  6715 | D        | Killed Margery
  6715 | D        | Received a gift from Okawaru
  6715 | D        | Received a gift from Okawaru
  6715 | D        | Reached skill level 27 in Long Blades
  6776 | D        | Received a gift from Okawaru
  6776 | D        | Reached skill level 27 in Fighting
  6783 | D        | Reached skill level 10 in Dodging
  6786 | D        | Received a gift from Okawaru
  6832 | D        | Got a crude scimitar {god gift}
  6890 | D        | Noticed a shadow dragon
  6898 | D        | Noticed a sphinx
  6901 | D        | Killed a shadow dragon
  6901 | D        | Reached XP level 17. HP: 172/191 MP: 15/17
  6913 | D        | Received a gift from Okawaru
  6977 | D        | Got a silver rune of Zot
  7020 | D        | Got an ichor-stained crystal plate armour {god gift}
  7099 | D        | Identified the +6 scimitar of Abuse {drain, *Rage rPois
                  | Dex+7} (Okawaru gifted it to you in the Dungeon)
  7101 | D        | Identified the +0 crystal plate armour of Dramatic Exits
                  | {*Drain Int+2 Dex+7} (Okawaru gifted it to you in the
                  | Dungeon)
  7249 | D        | Got the ring of Dawn {rF+ rN++ Str+6}
  7251 | D        | Got the ring "Vis Hith" {rC+ MR+}
  7253 | D        | Got the ring of Adiuwk {*Drain rPois AC+3 Str+6}
  7255 | D        | Got the amulet "Caitz" {RegenMP Str+4}
  7257 | D        | Got the ring of Hegy {rPois rC++ Int+4 Slay+3}
  7263 | D        | Got the +5 demon blade "Oluij" {freeze, +Rage rElec}
  7265 | D        | Got the +5 triple sword of Vuse {spect, Str+2 Int+3}
  7275 | D        | Got the +0 pair of gloves of Kupoqyunau {rPois rC- Regen+
                  | Dex+5}
  7425 | D        | Noticed Agnes
  7431 | D        | Killed Agnes
  7458 | D        | Noticed a Brimstone Fiend
  7471 | D        | Noticed a Hell Sentinel
  7588 | D        | Noticed a bone dragon
  7588 | D        | Noticed a bone dragon
  7598 | D        | Killed a bone dragon
  7604 | D        | Killed a bone dragon
  7619 | D        | Received a gift from Okawaru
  7777 | D        | Noticed a golden dragon
  7777 | D        | Noticed a golden dragon
  7791 | D        | Killed a golden dragon
  7791 | D        | Received a gift from Okawaru
  7802 | D        | Killed a golden dragon
  7832 | D        | Noticed a golden dragon
  7834 | D        | Reached skill level 27 in Throwing
  7834 | D        | Noticed a tentacled monstrosity
  7841 | D        | Reached skill level 27 in Armour
  7849 | D        | Killed a golden dragon
  7849 | D        | Reached skill level 15 in Dodging
  7852 | D        | Killed a tentacled monstrosity
  7857 | D        | Reached XP level 18. HP: 189/200 MP: 18/20
  7878 | D        | Reached skill level 5 in Invocations
  7878 | D        | Reached skill level 10 in Evocations
  7910 | D        | Noticed a golden dragon
  7910 | D        | Noticed a tentacled monstrosity
  7910 | D        | Noticed a golden dragon
  7913 | D        | Killed a golden dragon
  7913 | D        | Received a gift from Okawaru
  7914 | D        | Killed a tentacled monstrosity
  7921 | D        | Killed a golden dragon
  8029 | D        | Noticed an Orb Guardian
  8029 | D        | Noticed an Orb Guardian
  8029 | D        | Noticed an Orb Guardian
  8029 | D        | Noticed an Orb Guardian
  8029 | D        | Noticed an Orb Guardian
  8029 | D        | Noticed an Orb Guardian
  8034 | D        | Killed an Orb Guardian
  8035 | D        | Noticed an Orb Guardian
  8036 | D        | Killed an Orb Guardian
  8041 | D        | Killed an Orb Guardian
  8041 | D        | Received a gift from Okawaru
  8043 | D        | Killed an Orb Guardian
  8048 | D        | Killed an Orb Guardian
  8051 | D        | Killed an Orb Guardian
  8054 | D        | Killed an Orb Guardian
  8059 | D        | Noticed an Orb Guardian
  8060 | D        | Noticed an Orb Guardian
  8061 | D        | Noticed an Orb Guardian
  8064 | D        | Killed an Orb Guardian
  8064 | D        | Received a gift from Okawaru
  8073 | D        | Killed an Orb Guardian
  8073 | D        | Reached skill level 15 in Evocations
  8077 | D        | Killed an Orb Guardian
  8087 | D        | Noticed a tentacled monstrosity
  8087 | D        | Noticed an Orb Guardian
  8087 | D        | Noticed an Orb Guardian
  8089 | D        | Killed an Orb Guardian
  8091 | D        | Received a gift from Okawaru
  8091 | D        | Reached skill level 10 in Invocations
  8092 | D        | Noticed an Orb Guardian
  8093 | D        | Noticed an Orb Guardian
  8095 | D        | Killed a tentacled monstrosity
  8098 | D        | Killed an Orb Guardian
  8105 | D        | Killed an Orb Guardian
  8107 | D        | Killed an Orb Guardian
  8116 | D        | Noticed an ancient lich
  8122 | D        | Killed an ancient lich
  8122 | D        | Received a gift from Okawaru
  8127 | D        | Noticed an orb of fire
  8127 | D        | Gained mutation: Scrolls take you a little longer to read.
                  | [an orb of fire]
  8143 | D        | Killed an orb of fire
  8143 | D        | Received a gift from Okawaru
  8143 | D        | Reached skill level 27 in Dodging
  8143 | D        | Reached XP level 19. HP: 207/207 MP: 22/26
  8146 | D        | Noticed an electric golem
  8160 | D        | Killed an electric golem
  8302 | D        | Noticed an electric golem
  8302 | D        | Noticed an electric golem
  8302 | D        | Noticed an electric golem
  8304 | D        | Noticed an orb of fire
  8305 | D        | Killed an electric golem
  8305 | D        | Killed an electric golem
  8308 | D        | Noticed an orb of fire
  8308 | D        | Gained mutation: You are frail. (-10% HP) [an orb of fire]
  8309 | D        | Noticed an electric golem
  8311 | D        | Killed an orb of fire
  8311 | D        | Received a gift from Okawaru
  8312 | D        | Killed an electric golem
  8312 | D        | Received a gift from Okawaru
  8313 | D        | Killed an orb of fire
  8314 | D        | Noticed a golden dragon
  8319 | D        | Killed an electric golem
  8321 | D        | Noticed an electric golem
  8324 | D        | Killed a golden dragon
  8346 | D        | Killed an electric golem
  8486 | D        | Reached skill level 15 in Invocations
  8516 | D        | Reached skill level 27 in Evocations
  8523 | D        | Received a gift from Okawaru
  8534 | D        | Got a masterwork scimitar {god gift}
  8535 | D        | Identified the +4 scimitar "Trog's Hatred" {holy, rC+ MR+
                  | Str+2} (Okawaru gifted it to you in the Dungeon)
  8622 | D        | Reached XP level 20. HP: 194/194 MP: 32/32
  8636 | D        | Noticed an ancient lich
  8648 | D        | Killed an ancient lich
  8653 | D        | Received a gift from Okawaru
  8802 | D        | Reached skill level 27 in Invocations
  8819 | D        | Got an elven rune of Zot
  8830 | D        | Reached skill level 5 in Stealth
  8830 | D        | Reached skill level 1 in Spellcasting
  8830 | D        | Reached skill level 5 in Polearms
  8832 | D        | Reached skill level 5 in Bows
  8832 | D        | Reached skill level 5 in Unarmed Combat
  8838 | D        | Noticed the Royal Jelly
  8845 | D        | Killed the Royal Jelly
  8845 | D        | Received a gift from Okawaru
  8845 | D        | Reached skill level 5 in Spellcasting
  8869 | D        | Reached skill level 10 in Bows
  8869 | D        | Reached skill level 10 in Unarmed Combat
  8874 | D        | Reached skill level 10 in Stealth
  8895 | D        | Got a slimy rune of Zot
  9003 | D        | Reached XP level 21. HP: 177/200 MP: 34/37
  9066 | D        | Reached skill level 10 in Spellcasting
  9133 | D        | Reached skill level 15 in Bows
  9133 | D        | Reached skill level 15 in Unarmed Combat
  9135 | D        | Noticed a greater mummy
  9144 | D        | Killed a greater mummy
  9144 | D        | Received a gift from Okawaru
  9308 | D        | Noticed a greater mummy
  9308 | D        | Noticed a greater mummy
  9308 | D        | Noticed a greater mummy
  9308 | D        | Noticed a greater mummy
  9311 | D        | Killed a greater mummy
  9313 | D        | Noticed a greater mummy
  9317 | D        | Killed a greater mummy
  9317 | D        | Reached skill level 15 in Stealth
  9319 | D        | Killed a greater mummy
  9320 | D        | Noticed a greater mummy
  9336 | D        | Killed a greater mummy
  9337 | D        | Killed a greater mummy
  9343 | D        | Killed a greater mummy
  9383 | D        | Noticed a greater mummy
  9393 | D        | Killed a greater mummy
  9396 | D        | Got a golden rune of Zot
  9550 | D        | Got an abyssal rune of Zot
  9674 | D        | Noticed Geryon
  9686 | D        | Killed Geryon
  9689 | D        | Noticed Lom Lobon
  9689 | D        | Identified the +4 staff of Dispater
  9689 | D        | Noticed Dispater
  9693 | D        | Noticed Ereshkigal
  9697 | D        | Identified the +7 sceptre of Asmodeus
  9697 | D        | Noticed Asmodeus
  9709 | D        | Noticed Antaeus
  9717 | D        | Killed Lom Lobon
 10068 | D        | Killed Dispater
 10068 | D        | Received a gift from Okawaru
 10068 | D        | Received a gift from Okawaru
 10230 | D        | Killed Ereshkigal
 10361 | D        | Killed Antaeus
 10361 | D        | Reached skill level 10 in Staves
 10361 | D        | Reached skill level 15 in Spellcasting
 10361 | D        | Reached XP level 22. HP: 209/209 MP: 37/40
 10425 | D        | Noticed Gloorx Vloq
 10433 | D        | Killed Gloorx Vloq
 10433 | D        | Received a gift from Okawaru
 10562 | D        | Noticed Mnoleg
 10575 | D        | Killed Asmodeus
 10575 | D        | Received a gift from Okawaru
 10586 | D        | Killed Mnoleg
 10698 | D        | Identified the +6 sword of Cerebov {flame}
 10698 | D        | Noticed Cerebov
 10961 | D        | Gained mutation: You have sharp toenails. [a cacodemon]
 10965 | D        | Killed Cerebov
 11018 | D        | Got an iron rune of Zot
 11042 | D        | Got a magical rune of Zot
 11047 | D        | Got a bone rune of Zot
 11051 | D        | Got an obsidian rune of Zot
 11055 | D        | Got an icy rune of Zot
 11059 | D        | Got a glowing rune of Zot
 11063 | D        | Got a dark rune of Zot
 11067 | D        | Got a fiery rune of Zot
 13749 | D        | Got the Orb of Zot
 14103 | D        | Noticed a seraph
 14119 | D        | Killed a seraph
 14230 | D        | Received a gift from Okawaru
 14562 | D        | Noticed Kiasif the pandemonium lord
 14578 | D        | Killed Kiasif the pandemonium lord
 14958 | D        | Noticed Vufuqopn the pandemonium lord
 14975 | D        | Killed Vufuqopn the pandemonium lord
 15498 | D        | Noticed Rypuk the pandemonium lord
 15533 | D        | Killed Rypuk the pandemonium lord
 15533 | D        | Reached XP level 23. HP: 64/213 MP: 22/44
 15653 | D        | Received a gift from Okawaru
 15684 | D        | Noticed Fyzastruu the pandemonium lord
 15697 | D        | Killed Fyzastruu the pandemonium lord
 15717 | D        | Killed from afar by a Hell Sentinel

Illustrated notes

Levels and vault maps discovered:
D:        linesprint [early_d, line_temple, items_1, d_10, items_2, lair_1,
          lair_end, items_3, orc_1, orc_end, items_4, d_15, swamp_1, shoals_1,
          snake_1, spider_1, d_20, vaults_1, items_5, swamp_end, shoals_end,
          snake_end, spider_end, vaults_end, d_27, items_6, zot_1, zot_end,
          crypt_end, forest_end, elf_end, slime_end, tomb_end, abyss_end,
          pan_hell_end]

Skill      XL: |  1  2  3  4  5  6  7  8  9 10 11 12 13 14 15 16 17 18 19 20 21 22 23 |
---------------+----------------------------------------------------------------------+-----
Fighting       | 4 5 6 7 10 11 13 14 16 18 20 22 24 27 | 27.0
Armour         | 4 6 7 9 10 11 12 14 17 18 19 20 21 24 27 | 27.0
Shields        | 4 5 6 7 9 10 11 12 14 16 20 23 26 27 | 27.0
Long Blades    | 3 4 5 6 12 14 17 18 19 21 22 24 25 27 | 27.0
Throwing       | 1 4 7 9 10 13 14 20 27 | 27.0
Dodging        | 1 2 4 7 8 12 16 27 | 27.0
Stealth        | 1 2 4 12 19 23 | 23.8
Invocations    | 1 4 11 19 27 | 27.0
Evocations     | 4 5 9 18 27 | 27.0
Polearms       | 14 | 14.1
Bows           | 13 22 26 | 26.9
Unarmed Combat | 13 22 26 | 26.9
Spellcasting   | 9 15 18 19 | 19.1
Staves         | 10 21 | 21.6

Action                   |  1- 3 |  4- 6 |  7- 9 | 10-12 | 13-15 | 16-18 | 19-21 | 22-24 || total
-------------------------+-------+-------+-------+-------+-------+-------+-------+-------++-------
Melee: Long sword        |    26 |       |       |   175 |   352 |       |       |       ||   553
       Headbutt          |     7 |     5 |    20 |    76 |   128 |   127 |   130 |   100 ||   593
       Scimitar          |     4 |    17 |    56 |    42 |       |       |    89 |     5 ||   213
       Double sword      |       |       |       |       |    66 |   404 |   259 |       ||   729
       Demon blade       |       |       |       |       |       |       |       |   271 ||   271
Throw: Javelin           |       |       |     5 |    24 |    42 |    40 |    60 |    18 ||   189
       Dart              |       |       |       |       |     2 |       |     2 |       ||     4
Invok: Heroism           |       |       |       |     1 |       |     1 |     4 |     4 ||    10
       Finesse           |       |       |       |       |       |       |     3 |     3 ||     6
 Abil: Evoke Berserk Rag |       |       |       |       |     3 |     2 |     5 |     5 ||    15
Evoke: Condenser vane    |       |       |       |       |       |       |     1 |     2 ||     3
       Horn of Geryon    |       |       |       |       |       |       |     1 |     1 ||     2
  Use: Potion            |       |       |     2 |     5 |     1 |       |     7 |     9 ||    24
       Scroll            |       |       |       |     2 |       |    12 |     1 |       ||    15
 Stab: Distracted        |       |       |       |       |     1 |       |       |       ||     1
Armor: Scale mail        |     4 |       |       |       |       |       |       |       ||     4
       Plate armour      |     2 |     8 |    27 |    37 |   123 |    80 |    53 |    45 ||   375
       Swamp dragon scal |       |       |       |     9 |    39 |       |       |       ||    48
Dodge: Dodged            |     9 |     1 |     7 |    31 |    74 |    49 |   121 |    53 ||   345
Block: Kite shield       |    10 |    10 |    27 |    48 |       |       |       |       ||    95
       Tower shield      |       |       |       |    45 |   314 |   320 |   334 |   169 ||  1182
       Rpst.: Long sword |     3 |       |       |     6 |     5 |       |       |       ||    14
       Scimitar          |       |     1 |       |     2 |       |       |     1 |       ||     4
       Double sword      |       |       |       |       |     1 |     9 |    13 |       ||    23
       Demon blade       |       |       |       |       |       |       |       |     6 ||     6

Table legend: (Time is in decaauts) A = Elapsed time spent in this place. B = Non-inter-level travel time spent in this place. C = Inter-level travel time spent in this place. D = Time resting spent in this place. E = Time spent auto-exploring this place. F = Levels seen in this place. G = Mean time per level. A B C D E F G +--------+--------+--------+--------+--------+-----+--------+ Total | 15298 | 12896 | 2402 | 4891 | 2853 | 1 | 15298.0 | Dungeon | 15298 | 12896 | 2402 | 4891 | 2853 | 1 | 15298.0 | +--------+--------+--------+--------+--------+-----+--------+

Top non-repeatable levels by time:
       D: 15298 daAuts
